 Dungeon Crawl Stone Soup version 0.18-a0-721-g8fc53f4 (webtiles) character file.

49 George the Cudgeler (level 3, -1/23 HPs)
             Began as a Gargoyle Fighter on Dec 8, 2015.
             Killed from afar by Sigmund (7 damage)
             ... with a puff of flame
             ... on level 2 of the Dungeon.
             The game lasted 00:02:27 (1266 turns).

George the Cudgeler (Gargoyle Fighter)              Turns: 1266, Time: 00:02:27

Health: -1/23      AC: 10    Str: 19    XL:     3   Next: 77%
Magic:  3/3        EV:  7    Int:  8    God:
Gold:   68         SH:  9    Dex: 10    Spells: 0 memorised, 2 levels left

rFire  . . .     SeeInvis .     a - +0 flail
rCold  . . .     Clarity  .     b - +0 scale mail
rNeg   + . .     SustAt   .     c - +0 shield
rPois  ∞         Gourm    .     (no helmet)
rElec  +         Spirit   .     (no cloak)
rCorr  .         Dismiss  .     (no gloves)
rMut   .         Stasis   .     (no boots)
MR     .....                    (no amulet)
Stlth  ..........               (no ring)
                                (no ring)

@: not resistant to hostile enchantments, extremely unstealthy
A: negative energy resistance 1, electricity resistance, unbreathing,
petrification resistance, rot immunity, AC +3
a: no special abilities


You were on level 2 of the Dungeon.
You were not hungry.

You visited 1 branch of the dungeon, and saw 2 of its levels.

You collected 68 gold pieces.

Inventory:

Hand Weapons
 a - a +0 flail (weapon)
Armour
 b - a +0 scale mail (worn)
 c - a +0 shield (worn)
Wands
 q - a wand of slowing (16)
Scrolls
 f - a scroll of enchant armour {unknown}
 j - a scroll of remove curse {unknown}
 l - a scroll of identify {unknown}
 o - a scroll of magic mapping {unknown}
 p - a scroll of noise {unknown}
 r - a scroll of immolation {unknown}
Potions
 d - 3 potions of might
 g - a potion of agility {unknown}
 h - a potion of brilliance {unknown}
 k - 2 potions of curing {unknown}
 m - a potion of heal wounds {unknown}
 n - a potion of flight {unknown}
Comestibles
 e - 3 bread rations
 i - 2 meat rations
 s - a chunk of flesh


   Skills:
 - Level 3.2 Fighting
 + Level 4.0 Maces & Flails
 - Level 3.2 Armour
 - Level 3.2 Shields


You had 2 spell levels left.
You didn't know any spells.

Dungeon Overview and Level Annotations

Branches:
Dungeon (2/15)

Altars:
Trog

Annotations:
D:2 Sigmund


Innate Abilities, Weirdness & Mutations

You are resistant to torment.
Your stone body is resilient (AC +3).
You are immune to poison.
You resist negative energy.
You are resistant to electric shocks.
You can survive without breathing.
You are immune to petrification.
You are immune to rotting.


Message History

There is a stone staircase leading up here.
Something hits you but does no damage.
You completely miss something. Something hits you but does no damage.
You miss something. You miss something.
You hear some strange, mumbled words.
A puff of flame appears from out of thin air!
You block the puff of flame. Something hits you.
You closely miss something. Something hits you.
You closely miss something. You hit something.
Something hits you but does no damage.
You miss something.
You hear some strange, mumbled words.
A puff of flame appears from out of thin air!
The puff of flame hits you!
* * * LOW HITPOINT WARNING * * *
You hear some strange, mumbled words.
A puff of flame appears from out of thin air!
The puff of flame hits you!
You die...

.###..........# #..# ##....
......<.......#####..#######.....
##........#.......##.#.........##
##........#.####...............##
.........##.# #.##...........#.
........###.# #.##.............
............#####..............##
##.....####.....##.)...........##
####.......###.@{...............
#..........<"..###...........
#.....................#.....#
#...[...######..........#....
#######.# #........##.##.##. #.##
#........#.....# . #..#
#...........#### . ##.#
#......)..#.# .
##########.###......††.#...


There were no monsters in sight!

Vanquished Creatures
  An adder (D:1)
  2 worms (D:2)
  2 giant geckos
  2 giant cockroaches
  3 goblins
  5 hobgoblins
  2 jackals (D:2)
  6 kobolds
  A ball python (D:1)
  3 bats (D:2)
  A giant newt (D:2)
  A rat (D:2)
29 creatures vanquished.

Notes
Turn   | Place    | Note
--------------------------------------------------------------
     0 | D:1      | George the Gargoyle Fighter began the quest for the Orb.
     0 | D:1      | Reached XP level 1. HP: 14/14 MP: 1/1
    45 | D:1      | Reached XP level 2. HP: 16/19 MP: 2/2
    48 | D:1      | You fall through a shaft!
   592 | D:1      | Reached XP level 3. HP: 21/23 MP: 3/3
   919 | D:2      | Found a bloodstained altar of Trog.
   946 | D:2      | Noticed Sigmund
  1087 | D:1      | Reached skill level 4 in Maces & Flails
  1266 | D:2      | Killed from afar by Sigmund

Vault maps used:
D:1:      tarquinn_simple_flora_water_d
D:2:      lightli_temple_of_fire, minmay_shallow_snake_nest, uniq_sigmund

Action                   || total
-------------------------++-------
Melee: Flail             ||   110
Evoke: Wand              ||     2
 Stab: Distracted        ||     1
  Eat: Chunk             ||     1
